 Dungeon Crawl Stone Soup version 0.27.1 (webtiles) character file.

Game seed: 10767665488788972975

13 Malachi the Chiller (level 2, -14/19 HPs)
             Began as a Demonspawn Ice Elementalist on Aug 25, 2021.
             Demolished by a goblin (18 damage)
             ... on level 1 of the Dungeon.
             The game lasted 00:00:57 (1832 turns).

Malachi the Chiller (Demonspawn Ice Elementalist)   Turns: 1832, Time: 00:00:58

Health: -14/19     AC:  2    Str:  8    XL:     2   Next: 24%
Magic:  5/5        EV: 12    Int: 16    God:
Gold:   28         SH:  0    Dex: 13    Spells: 4/5 levels left

rFire    . . .     SeeInvis .   (no weapon)
rCold    . . .     Faith    .   (no shield)
rNeg     . . .     Spirit   .   a - +0 robe
rPois    .         Reflect  .   (no helmet)
rElec    .         Harm     .   (no cloak)
rCorr    .         Rampage  .   (no gloves)
Will     .....                  (no boots)
Stlth    ++........             (no amulet)
HPRegen  0.06/turn              (no ring)
MPRegen  0.09/turn              (no ring)

@: no status effects
A: talons 1
a: no special abilities


You were on level 1 of the Dungeon.
You visited 1 branch of the dungeon, and saw 1 of its levels.

You collected 28 gold pieces.

Inventory:

Missiles
 b - 3 boomerangs (quivered)
Armour
 a - a +0 robe (worn)
Scrolls
 c - a scroll of immolation {unknown}
 d - a scroll of magic mapping {unknown}


   Skills:
 + Level 0.9 Throwing
 + Level 1.8 Dodging
 + Level 1.8 Stealth
 + Level 2.1 Spellcasting
 + Level 3.8 Ice Magic


You had 4 spell levels left.
You knew the following spells:

 Your Spells              Type           Power      Damage    Failure   Level
a - Freeze                Ice            52%        1d7       4%          1

Your spell library contained the following spells:

 Spells                   Type           Power      Damage    Failure   Level
 Frozen Ramparts          Ice            26%        1d4       13%         3
 Ozocubu's Armour         Ice            13%        N/A       13%         3
 Hailstorm                Conj/Ice       7%         3d4       67%         4


Dungeon Overview and Level Annotations

Branches:
Dungeon (1/15)

Altars:


Innate Abilities, Weirdness & Mutations

You have sharp toenails.


Message History

You closely miss the hobgoblin. The bat hits you. The hobgoblin hits you.
The goblin closely misses you. The bat barely misses you.
You hit the hobgoblin but do no damage.
You claw the hobgoblin, but do no damage.
The bat hits you but does no damage. The bat hits you.
The hobgoblin closely misses you. The goblin closely misses you.
You hit the hobgoblin.
The hobgoblin is lightly wounded.
The bat closely misses you. The hobgoblin barely misses you.
The goblin hits you with a +0 dagger of electrocution.
You are too injured to fight recklessly!
You are too injured to fight recklessly!
You are too injured to fight recklessly!
You are too injured to fight recklessly!
You are too injured to fight recklessly!
You are too injured to fight recklessly!
You are too injured to fight recklessly!
You are too injured to fight recklessly!
You are too injured to fight recklessly!
You are too injured to fight recklessly!
You are too injured to fight recklessly!
You are too injured to fight recklessly!
You are too injured to fight recklessly!
You are too injured to fight recklessly!
You are too injured to fight recklessly!
You are too injured to fight recklessly!
You are too injured to fight recklessly!
Unknown command.
You are too injured to fight recklessly!
You are too injured to fight recklessly!
You are too injured to fight recklessly!
You are too injured to fight recklessly!
You hit the goblin.
The goblin is heavily wounded.
The hobgoblin misses you. The bat misses you.
The goblin hits you with a +0 dagger of electrocution.
* * * LOW HITPOINT WARNING * * *
You are electrocuted!!
Ouch! That really hurt!
You die...

#......# ..
..#...#.#..##.#### # .
.......#..##..... ..##.
#....#.#.....#### ..
.... ...##.##.##.# ## .
##...###.....##.##.# #.
#
.#....#...##..##.##.###.
###
......g...)#..##.##)#...
..## #g@................
...##
#b#...#.###.#......
....## ...##.##.#
#.#...##. .....#
#.........# #.#...##.
.....# ...####.#.##
#........ .....# ###.
..#...# ###...##. ......
# #.#.### #...##. .....#
#.#.# #...##. .....#
####.#.# ### #...##.


You could see a hobgoblin, a goblin and a bat.

Vanquished Creatures
  2 endoplasms (D:1)
  3 goblins (D:1)
  A hobgoblin (D:1)
  A kobold (D:1)
  A ball python (D:1)
  2 bats (D:1)
  A frilled lizard (D:1)
11 creatures vanquished.

Notes
Turn   | Place    | Note
-------+----------+-------------------------------------------
     0 | D:1      | Malachi the Demonspawn Ice Elementalist began the quest for
                  | the Orb.
     0 | D:1      | Reached XP level 1. HP: 13/13 MP: 3/3
   906 | D:1      | Gained mutation: You have sharp toenails. [demonic
                  | ancestry]
   906 | D:1      | Reached XP level 2. HP: 13/19 MP: 5/5
  1832 | D:1      | Demolished by a goblin

Illustrated notes

Levels and vault maps discovered:
D:1:      psy_arrival_dodecagon, layout_loops_ring,
          hangedman_decor_clover_reticule

Action                   || total
-------------------------++-------
Melee: Unarmed           ||     9
       Kick              ||     1
Throw: Boomerang         ||    40
Armor: Robe              ||     9
Dodge: Dodged            ||    37
